 Dungeon Crawl Stone Soup version 0.29.1-2-gbd0b4ee654 (webtiles) character file.

Game seed: 10005746912015856618

262785 Mitcholas the Warrior (level 20, -3/167 HPs)
             Began as a Djinni Conjurer on Nov 9, 2022.
             Was a Priest of Ashenzari.
             Shot with an arrow by a deep elf master archer (31 damage)
             ... on level 3 of the Elven Halls on Nov 11, 2022.
             The game lasted 05:44:06 (41478 turns).

Mitcholas the Warrior (Djinni Conjurer)            Turns: 41478, Time: 05:44:08

Health: -3/167     AC: 18    Str:  6    XL:     20   Next: 81%
Gold:   3554       EV: 14    Int: 34    God:    Ashenzari [***...] SH: 21 Dex: 13

rFire   + + +      SeeInvis +   x - +9 mace "Bound Loss" {freeze, rElec rF+, Cun, Self} (curse)
rCold   x . .      Faith    .   U - +5 kite shield
rNeg    . . .      Spirit   .   D - +4 troll leather armour of Ashenzari's Gloom {Regen+, Self, Cun} (curse)
rPois   ∞          Reflect  +   L - +1 hat of Ashenzari's Omen {Fort, Self} (curse)
rElec   +          Harm     .   N - +2 cloak
rCorr   .          Rampage  .   m - +2 pair of gloves of Supernal Knowledge {Stlth+, Evo, Fort} (curse)
Will    +++..      Clarity  +   (boots unavailable)
Stlth   +++.......              k - amulet of reflection
HPRegen 1.17/turn               R - +6 ring of intelligence
MPRegen 0.00/turn               S - ring of willpower

@: forested, flying
A: sickness immunity, fire resistance 2, cold vulnerability 1, float, innate
caster, HP casting, extra vitality 1
}: 2/15 runes: decaying, gossamer
a: Renounce Religion, Curse Item, Shatter the Chains


You were on level 3 of the Elven Halls.
You worshipped Ashenzari.
Ashenzari was most pleased with you.
You visited 7 branches of the dungeon, and saw 34 of its levels.
You also visited: Ice Cave.

You collected 4470 gold pieces.
You spent 916 gold pieces at shops.

Inventory:

Hand Weapons
 x - the cursed +9 mace "Bound Loss" (weapon) {freeze, rElec rF+, Cun, Self}
   (You bought it in a shop on level 2 of the Orcish Mines)

   It freezes those it strikes, dealing additional cold damage.
   It can also slow down cold-blooded creatures.
   rF:        It protects you from fire.
   rElec:     It insulates you from electricity.
   It has a curse which improves the following skills: Cunning: Dodging and
   Stealth.
   Introspection: Fighting and Spellcasting.
Missiles
 j - 61 poisoned darts
 t - 18 atropa-tipped darts
 J - 2 throwing nets
 K - 7 curare-tipped darts
Armour
 m - the cursed +2 pair of gloves of Supernal Knowledge (worn) {Stlth+, Evo, Fort}
   (You bought it in a shop on level 6 of the Dungeon)

   It has a curse which improves the following skills: Evocations: Evocations.
   Fortitude: Armour and Shields.
 D - the cursed +4 troll leather armour of Ashenzari's Gloom (worn) {Regen+, Self, Cun}
   (You found it on level 10 of the Dungeon)

   Regen:     It increases your rate of health regeneration.
   It has a curse which improves the following skills: Introspection: Fighting
   and Spellcasting.
   Cunning:   Dodging and Stealth.
 L - the cursed +1 hat of Ashenzari's Omen (worn) {Fort, Self}
   (You found it on level 5 of the Lair of Beasts)

   It has a curse which improves the following skills: Fortitude: Armour and
   Shields.
   Introspection: Fighting and Spellcasting.
 N - a +2 cloak (worn)
 U - a +5 kite shield (worn)
Jewellery
 a - a ring of ice
 k - an amulet of reflection (around neck)
 F - a ring of wizardry
 Q - a ring of positive energy
 R - a +6 ring of intelligence (left hand)
 S - a ring of willpower (right hand)
Wands
 f - a wand of polymorph (25)
 g - a wand of mindburst (43)
 q - a wand of roots (27)
 s - a wand of flame (46)
 B - a wand of paralysis (32)
 H - a wand of light (35)
 I - a wand of digging (13)
Scrolls
 d - 8 scrolls of immolation
 e - 2 scrolls of silence
 h - 7 scrolls of teleportation
 i - 2 scrolls of poison
 l - 4 scrolls of fear
 n - 32 scrolls of identify
 o - 5 scrolls of summoning
 y - 5 scrolls of magic mapping
 E - 6 scrolls of butterflies
 T - 3 scrolls of blinking
 W - 3 scrolls of enchant weapon
Potions
 b - 6 potions of haste
 c - 21 potions of curing
 p - 4 potions of mutation
 r - 5 potions of ambrosia
 u - 2 potions of berserk rage
 v - 4 potions of invisibility
 w - 5 potions of heal wounds
 z - 3 potions of resistance
 A - 5 potions of might
 C - 5 potions of brilliance
 M - 2 potions of cancellation
Miscellaneous
 G - a lightning rod (4/4)
 O - a phantom mirror
 P - a condenser vane


   Skills:
 + Level 19.3(22.2) Fighting
 - Level 9.9 Maces & Flails
 - Level 11.6(14.0) Armour
 - Level 7.2(9.7) Dodging
 - Level 2.0(3.8) Stealth
 * Level 8.6(11.1) Shields
 + Level 17.9(20.9) Spellcasting
 + Level 6.0(7.6) Evocations


You had 8 spell levels left.
You knew the following spells:

 Your Spells              Type           Power      Damage    Failure   Level
a - Magic Dart            Conj           100%       1d8       0%          1
b - Searing Ray           Conj           100%       2d8       0%          2
c - Dazzling Flash        Conj/Hex       100%       N/A       0%          3
d - Fulminant Prism       Conj/Hex       54%        3d23      0%          4
e - Iskenderun's Mystic   Conj/Tloc      100%       2d19      0%          4
f - Slow                  Hex            100%       N/A       0%          1
g - Passwall              Tmut/Erth      90%        N/A       0%          2
h - Static Discharge      Conj/Air       100%       3-16/arc  0%          2
i - Corpse Rot            Necr/Pois/Air  100%       N/A       0%          4
j - Summon Forest         Summ/Tloc      54%        N/A       0%          5
k - Agony                 Necr           100%       N/A       0%          5
l - Eringya's Noxious Bo  Tmut/Pois      54%        N/A       1%          6
m - Iron Shot             Conj/Erth      54%        9d10      1%          6
n - Orb of Destruction    Conj           54%        9d14      1%          7
Your spell library was empty.

Dungeon Overview and Level Annotations

Branches:
Dungeon (15/15)            Temple (1/1) D:7            Lair (5/5) D:11
  Swamp (4/4) Lair:2       Spider (4/4) Lair:3        Slime (0/5) Lair:5
    Orc (2/2) D:12            Elf (3/3) Orc:2        Vaults (0/5) D:14
 Depths (0/4) D:15          IceCv (visited)

Altars:
Ashenzari
Cheibriados
Dithmenos
Elyvilon
Fedhas
Gozag
Hepliaklqana
Makhleb
Nemelex Xobeh
Okawaru
Qazlal
Ru
Trog
Uskayaw
Wu Jian
Xom
Yredelemnul
Zin
The Shining One

Shops:
D:3 [   D:4 *   D:6 [:[?(   D:11 *   D:12 ?   D:13 (   D:15 (   Orc:2 [((!
Elf:2 [   Elf:3 (

Annotations:
D:7 2 transporters, SirLogeyBear's ghost, novice HOBe
Swamp:1 3 runed translucent doors, Icepheonix32's ghost, journeyman DgFi; TheSexyCheese's ghost, journeyman MiFi; experimilk's ghost, journeyman PaFi


Innate Abilities, Weirdness & Mutations

You are immune to sickness and miasma.
You are immune to poison.
Your flesh is very heat resistant. (rF++)
You are vulnerable to cold. (rC-)
You float through the air rather than walking.
You learn spells naturally, not from books.
Your magical power is your life essence.
You have superior vitality. (+4 MHP)


Message History

You resist.
* * * LOW HITPOINT WARNING * * *
The trees move their gnarly branches around.
A root smacks the deep elf blademaster from below!!
The deep elf annihilator is hit by a branch!
A tree reaches out and hits the deep elf blademaster!!
The deep elf sorcerer closely misses your dryad.
Your dryad hits the deep elf annihilator!
You feel a bit more experienced.
A root smacks the deep elf sorcerer from below!
The deep elf blademaster is waved at by a branch.
The deep elf sorcerer hits something from afar with the +8 halberd of Qoguerom {protect, Dex+5 SInv}!
You hear a hideous shriek!
Casting: Summon Forest (safe; 0% risk of failure)
Confirm with . or Enter, or press ? or * to list all spells.
You erupt in a blast of force!
The mystic blast hits the deep elf blademaster!!
The deep elf blademaster is almost dead.
The deep elf blademaster is knocked back by the mystic blast.
The deep elf blademaster slams into the tree!
The deep elf blademaster is almost dead.
* * * LOW HITPOINT WARNING * * *
The deep elf sorcerer is hit by a branch!!
The deep elf sorcerer dies!
You feel a bit more experienced.
A deep elf master archer comes into view.
It is wearing a +4 chain mail of positive energy.
Casting: Iskenderun's Mystic Blast (safe; 0% risk of failure)
Confirm with . or Enter, or press ? or * to list all spells.
You erupt in a blast of force!
The mystic blast hits the deep elf blademaster!!
You kill the deep elf blademaster!
* * * LOW HITPOINT WARNING * * *
The deep elf master archer is hit by a branch!
The deep elf master archer wields a +0 longbow.
The deep elf master archer shoots an arrow.
The arrow hits you!!
* * * LOW HITPOINT WARNING * * *
The deep elf master archer shoots an arrow.
The arrow hits you!!
You die...

./# ...## ,
##....###.)#.... #..#e...##
#....###...#....
.#..#......,,
,,,#....#.....#...#
.##.)....e.,
,#♣...###...##..##
...#)..{., #.....#....##.##
......e♣##, ,,
#...#.#....####
#..e)#).)#♣##, #..♣##....##
#...)#♣.1eR.♣♣#♣♣...#.....#
##..e.##♣....♣♣)@........##
###...:##♣)...........###
###♣..e.......♣..####
♣#♣♣##♣♣♣♣♣#♣##


You could see a deep elf master archer.

Vanquished Creatures
  Nikola (Elf:2)
  A tentacled monstrosity (Swamp:4)
  2 deep elf blademasters
  A thorn hunter (Swamp:4)
  3 deep elf sorcerers
  6 ghost moths
  An orc warlord (Orc:2)
  A ghoul (Swamp:2)
  6 emperor scorpions
  4 deep elf elementalists (Elf:3)
  A broodmother (Spider:3)
  4 deep elf demonologists (Elf:3)
  A vampire knight (Swamp:4)
  Nessos (Lair:5)
  A minotaur (Orc:2)
  3 eleionomae
  A deep elf annihilator (Elf:3)
  3 bunyips
  3 spark wasps
  2 deep elf death magi (Elf:3)
  A shambling mangrove (Swamp:4)
  2 deep elf high priests (Elf:3)
  A fire dragon (D:15)
  13 hydras
  Josephine (D:14)
  Erolcha (D:11)
  An ogre mage (D:15)
  2 ice dragons
  7 boulder beetles
  2 vault guards (D:14)
  Erica (D:11)
  5 centaur warriors
  A spriggan air mage (Swamp:3)
  5 two-headed ogres
  A ghost crab (Swamp:3)
  5 alligators
  7 death yaks
  The ghost of LustLizard the Arsonist, a novice HOFE of Beogh (D:10)
  4 radroaches
  26 dancing weapons
  5 spriggans
  6 orc high priests (Orc:2)
  Sonja (Orc:1)
  A spriggan berserker (Swamp:3)
  12 deep elf knights
  5 pharaoh ants
  3 goliath frogs
  A death drake (Swamp:3)
  3 steelbarb worms (Spider:3)
  7 orb spiders
  2 spectral hydras (Swamp:4)
  A flayed ghost (Swamp:4)
  5 spriggan druids
  6 bog bodies
  5 swamp dragons (Swamp:4)
  9 deep elf archers
  An obsidian statue (D:11)
  18 wolf spiders
  20 deep elf zephyrmancers
  A necromancer (Lair:4)
  2 will-o-the-wisps
  34 deep elf pyromancers
  5 orc knights
  2 orc sorcerers
  3 oklob plants (Swamp:4)
  6 ugly things
  4 manticores
  A moth of wrath (Spider:4)
  Maurice (D:12)
  7 elephants (Lair:2)
  3 cyclopes
  7 black mambas
  2 ice statues (IceCv)
  2 gargoyles (D:13)
  5 torpor snails
  2 unseen horrors
  7 cane toads
  An efreet (D:15)
  3 demonic crawlers
  10 rime drakes
  11 komodo dragons
  Psyche (D:11)
  5 yaktaurs (D:15)
  3 freezing wraiths
  2 komodo dragons (shapeshifter)
  5 hydra zombies (Swamp:4)
  2 bloated husks
  3 meliai (Spider:4)
  A queen bee (Spider:4)
  9 trolls
  2 death drake zombies (Swamp:4)
  6 hornets
  7 polar bears
  12 blink frogs
  15 tarantellas
  A wolf spider simulacrum (D:14)
  A death drake skeleton (Swamp:4)
  5 slime creatures (D:13)
  A hydra skeleton (Swamp:4)
  A raiju (shapeshifter) (D:14)
  6 tyrant leeches
  4 dream sheep
  A raiju (Lair:5)
  31 jumping spiders
  11 wraiths
  19 culicivoras
  2 water elementals (Elf:1)
  4 air elementals
  A yak (shapeshifter) (Elf:2)
  A fire bat (shapeshifter) (Elf:1)
  2 basilisks
  6 wyverns
  2 vampires
  26 yaks
  3 fire elementals
  10 humans (D:14)
  2 steam dragons
  Grum (D:9)
  43 redbacks
  A basilisk (shapeshifter) (D:15)
  5 vampire mosquitoes
  13 swamp worms
  6 wargs
  11 water moccasins
  2 hydra simulacra (Swamp:4)
  9 black bears
  9 hell hounds (Lair:5)
  6 swamp drakes
  An ice beast (D:8)
  4 sky beasts
  44 orc warriors
  16 wolves
  10 centaurs
  11 ogres
  2 swamp dragon skeletons (Swamp:4)
  2 phantoms (D:5)
  2 kobold brigands
  13 bullfrogs
  A gnoll sergeant (D:9)
  4 earth elementals
  4 necrophages
  3 scorpions
  5 wights (D:8)
  21 killer bees
  3 lindwurm simulacra (IceCv)
  9 howler monkeys
  5 electric eels
  5 komodo dragon simulacra (IceCv)
  6 hounds
  3 jellies
  32 orc priests
  4 iguanas
  7 hell rats (Lair:3)
  25 orc wizards
  2 wolf simulacra (Lair:4)
  5 yak simulacra (Lair:4)
  A polar bear simulacrum (Lair:4)
  10 acid dragon simulacra (IceCv)
  6 gnolls
  2 adders (D:4)
  A white imp (D:7)
  3 steam dragon simulacra (IceCv)
  2 ufetubi
  6 worms
  4 dart slugs
  87 orcs
  2 ball pythons (D:4)
  3 bats
  8 endoplasms
  3 giant cockroaches
  7 goblins
  6 hobgoblins
  4 jackals (D:3)
  11 kobolds
  3 quokkas
  4 frilled lizards
  4 rats
  3 river rat simulacra (Lair:4)
  3 fulminant prisms
  A snaplasher vine (Spider:3)
1115 creatures vanquished.

Vanquished Creatures (collateral kills)
  A thorn hunter (Swamp:4)
  A deep elf sorcerer (Elf:3)
  A hydra zombie (Swamp:4)
  A deep elf elementalist (Elf:2)
  A broodmother (Spider:4)
  A deep elf demonologist (Elf:3)
  An eleionoma (Swamp:4)
  A vampire knight (Swamp:4)
  A deep elf annihilator (Elf:3)
  A deep elf high priest (Elf:1)
  A shambling mangrove (Swamp:4)
  4 hydras
  Harold (Lair:2)
  3 death yaks (Lair:4)
  An orc high priest (Elf:1)
  The ghost of ratmagoo the Destroyer, a journeyman DECj of Sif Muna (Orc:2)
  A deep elf knight (Elf:1)
  A pharaoh ant (Spider:2)
  A spriggan druid (Swamp:4)
  A steelbarb worm (Spider:4)
  4 orb spiders
  A spectral hydra (Swamp:4)
  2 deep elf archers
  2 deep elf zephyrmancers
  4 deep elf pyromancers (Elf:1)
  3 orc knights (Orc:2)
  2 wolf spiders
  2 ugly things (D:15)
  A gargoyle (D:11)
  2 cane toads
  A demonic crawler (Spider:4)
  3 komodo dragons
  2 freezing wraiths
  5 polar bears
  A raiju (Lair:5)
  4 tarantellas
  3 hornets (Swamp:4)
  9 blink frogs
  6 dream sheep (Lair:5)
  2 culicivoras
  6 yaks
  2 basilisks
  3 shadows (D:10)
  4 wargs (Lair:5)
  A hydra simulacrum (Swamp:4)
  5 water moccasins
  4 hell hounds (Lair:5)
  2 black bears (Lair:5)
  An ogre (Orc:2)
  6 wolves
  A bullfrog (Lair:2)
  4 orc priests
  An orc wizard (Orc:2)
  4 orcs
  8 briar patches (Swamp:4)
136 creatures vanquished.

Vanquished Creatures (others)
  A ghost moth (Spider:2)
  A bloated husk (Swamp:2)
  A black bear (Lair:5)
  6 foxfires (Swamp:2)
  466 fulminant prisms
  33 fungi
  108 plants
  15 snaplasher vines
631 creatures vanquished.

Grand Total: 1882 creatures vanquished

Notes
Turn   | Place    | Note
-------+----------+-------------------------------------------
     0 | D:1      | Mitcholas the Djinni Conjurer began the quest for the Orb.
     0 | D:1      | Mitcholas set off with the following spells memorised:
                  | Magic Dart, Searing Ray, Dazzling Flash, Fulminant Prism,
                  | Iskenderun's Mystic Blast.
     0 | D:1      | Reached XP level 1. HP: 15/15 MP: 0/0
   291 | D:1      | Reached XP level 2. HP: 21/21 MP: 0/0
   471 | D:1      | Found a faded altar of an unknown god.
  1252 | D:2      | Reached XP level 3. HP: 25/25 MP: 0/0
  1252 | D:2      | Learned a level 1 spell: Slow
  2270 | D:3      | Noticed an ogre
  2363 | D:3      | Reached skill level 1 in Fighting
  2363 | D:3      | Reached skill level 1 in Armour
  2519 | D:3      | Killed an ogre
  2520 | D:3      | Reached skill level 2 in Fighting
  2520 | D:3      | Reached XP level 4. HP: 22/33 MP: 0/0
  2520 | D:3      | Reached XP level 5. HP: 26/38 MP: 0/0
  2520 | D:3      | Learned a level 2 spell: Passwall
  3065 | D:3      | Found Caduon's Armour Boutique.
  3450 | D:4      | Noticed an ogre
  3474 | D:4      | Killed an ogre
  3475 | D:4      | Reached XP level 6. HP: 20/45 MP: 0/0
  3748 | D:4      | Reached skill level 3 in Fighting
  3801 | D:4      | Noticed an ogre
  3820 | D:4      | Killed an ogre
  3821 | D:4      | Reached XP level 7. HP: 1/50 MP: 0/0
  3821 | D:4      | Learned a level 2 spell: Static Discharge
  4453 | D:4      | Found a faded altar of an unknown god.
  4453 | D:4      | Found a shimmering altar of Xom.
  4480 | D:4      | Found a faded altar of an unknown god.
  4482 | D:4      | Found an iron altar of Okawaru.
  4484 | D:4      | Found a glowing silver altar of Zin.
  4854 | D:4      | Found Pocose Izes's General Store.
  5057 | D:5      | Entered Level 5 of the Dungeon
  5208 | D:5      | Reached skill level 4 in Fighting
  5351 | D:5      | Found a glowing golden altar of the Shining One.
  5449 | D:5      | Reached skill level 5 in Spellcasting
  5449 | D:5      | Reached XP level 8. HP: 48/58 MP: 0/0
  6417 | D:5      | Reached skill level 5 in Fighting
  6678 | D:5      | Reached skill level 5 in Armour
  7429 | D:6      | Reached XP level 9. HP: 43/66 MP: 0/0
  7429 | D:6      | Learned a level 4 spell: Corpse Rot
  7590 | D:6      | Found Nuasis's Weapon Shop.
  7615 | D:6      | Found Imaozeing's Antique Armour Shoppe.
  7615 | D:6      | Found Diju's Antique Armour Shoppe.
  7616 | D:6      | Found Ykaesiog's Book Shoppe.
  7620 | D:6      | Found Poabb's Magic Scroll Shoppe.
  7714 | D:6      | Bought a pair of embroidered gloves for 157 gold pieces
  7888 | D:6      | Reached skill level 6 in Fighting
  8546 | D:7      | Found a sacrificial altar of Ru.
  9274 | D:7      | Reached skill level 7 in Fighting
  9481 | D:7      | Reached XP level 10. HP: 31/75 MP: 0/0
  9781 | D:7      | Found an iron altar of Okawaru.
  9810 | D:7      | Noticed SirLogeyBear's ghost (novice HOBe)
  9811 | D:7      | Found a transporter.
  9821 | D:7      | Found a sparkling altar of Nemelex Xobeh.
  9896 | D:7      | Found a transporter.
 10023 | D:7      | Found a staircase to the Ecumenical Temple.
 10162 | Temple   | Entered the Ecumenical Temple
 10354 | Temple   | Became a worshipper of Ashenzari the Shackled
 11098 | D:8      | Found a snail-covered altar of Cheibriados.
 11704 | D:8      | Reached skill level 1 in Evocations
 11737 | D:8      | Reached skill level 8 in Fighting
 12057 | D:9      | Reached * piety under Ashenzari
 12339 | D:9      | Killed an unseen horror
 13268 | D:9      | Noticed Grum
 13283 | D:9      | Killed Grum
 13670 | D:10     | Entered Level 10 of the Dungeon
 13747 | D:10     | Found a runed translucent gate.
 13748 | D:10     | Found a runed translucent gate.
 13757 | D:10     | Found a runed translucent gate.
 13758 | D:10     | Noticed a freezing wraith
 13763 | D:10     | Noticed a freezing wraith
 13763 | D:10     | Noticed LustLizard's ghost (novice HOFE)
 13983 | D:10     | Reached XP level 11. HP: 67/84 MP: 0/0
 13983 | D:10     | Learned a level 5 spell: Summon Forest
 14273 | D:10     | Reached skill level 9 in Fighting
 14352 | D:10     | Identified the +8 falchion "Enanojon" {drain, Int+3 Stlth+}
 14809 | D:11     | Found a staircase to the Lair.
 14816 | D:11     | Noticed Erolcha
 14848 | D:11     | Noticed Psyche
 14869 | D:11     | Killed Psyche
 14930 | D:11     | Noticed an obsidian statue
 14944 | D:11     | Killed Erolcha
 15115 | D:11     | Noticed Erica
 15125 | D:11     | Killed Erica
 15126 | D:11     | Reached skill level 10 in Fighting
 15339 | D:11     | Noticed a boulder beetle
 15361 | D:11     | Killed a boulder beetle
 15422 | D:11     | Found Tijaozor's Pet Rocks.
 15442 | D:11     | Reached XP level 12. HP: 48/94 MP: 0/0
 15604 | D:11     | Noticed a two-headed ogre
 15611 | D:11     | Killed a two-headed ogre
 15884 | Lair:1   | Entered Level 1 of the Lair of Beasts
 15928 | Lair:1   | Reached skill level 11 in Fighting
 16019 | Lair:1   | Noticed a death yak
 16024 | Lair:1   | Noticed a death yak
 16199 | Lair:1   | Killed a death yak
 16203 | Lair:1   | Killed a death yak
 16360 | Lair:1   | Reached skill level 12 in Fighting
 16360 | Lair:1   | Reached skill level 10 in Spellcasting
 17012 | Lair:2   | Noticed Harold
 17018 | Lair:2   | Killed Harold
 17094 | Lair:2   | Reached XP level 13. HP: 87/103 MP: 0/0
 17094 | Lair:2   | Learned a level 5 spell: Agony
 17233 | Lair:2   | Noticed a five-headed hydra
 17253 | Lair:2   | Killed a five-headed hydra
 17254 | Lair:2   | Reached skill level 5 in Dodging
 17280 | Lair:2   | Noticed a seven-headed hydra
 17286 | Lair:2   | Killed a seven-headed hydra
 17296 | Lair:2   | Noticed an eight-headed hydra
 17306 | Lair:2   | Killed an eight-headed hydra
 17528 | Lair:2   | Found a staircase to the Swamp.
 17627 | Lair:2   | Reached skill level 13 in Fighting
 17761 | Lair:2   | Noticed a six-headed hydra
 17769 | Lair:2   | Killed a six-headed hydra
 17893 | Lair:2   | Noticed a four-headed hydra
 17902 | Lair:2   | Killed a four-headed hydra
 18126 | Lair:2   | Noticed a five-headed hydra
 18165 | Lair:2   | Killed a five-headed hydra
 18338 | Lair:2   | Reached XP level 14. HP: 109/112 MP: 0/0
 18920 | Lair:3   | Found a hole to the Spider Nest.
 19736 | Lair:4   | Reached skill level 14 in Fighting
 20673 | Lair:5   | Entered Level 5 of the Lair of Beasts
 21061 | Lair:5   | Reached ** piety under Ashenzari
 21124 | Lair:5   | Found a staircase to the Slime Pits.
 21169 | Lair:5   | Noticed Nessos
 21187 | Lair:5   | Killed Nessos
 21256 | Lair:5   | Reached XP level 15. HP: 109/122 MP: 0/0
 21256 | Lair:5   | Learned a level 6 spell: Eringya's Noxious Bog
 21513 | Lair:5   | Identified the +2 cloak of the Desert {Int+2}
 21561 | Lair:5   | Reached skill level 15 in Fighting
 22569 | D:10     | Killed LustLizard's ghost
 22726 | D:12     | Found Caech's Magic Scroll Boutique.
 22774 | D:12     | Found a frozen archway.
 22783 | IceCv    | Entered an ice cave
 23671 | D:12     | Bought a scroll of blinking for 112 gold pieces
 23994 | D:12     | Found a staircase to the Orcish Mines.
 24120 | D:12     | Noticed Maurice
 24133 | D:12     | Killed Maurice
 24528 | Orc:1    | Entered Level 1 of the Orcish Mines
 24541 | Orc:1    | Noticed Sonja
 24543 | Orc:1    | Killed Sonja
 24725 | Orc:2    | Entered Level 2 of the Orcish Mines
 25081 | Orc:2    | Found a staircase to the Elven Halls.
 25097 | Orc:2    | Noticed ratmagoo's ghost (journeyman DECj)
 25097 | Orc:2    | Noticed an orc warlord
 25166 | Orc:2    | Reached skill level 15 in Spellcasting
 25442 | Orc:2    | Reached XP level 16. HP: 88/130 MP: 0/0
 25867 | Orc:2    | Found a runed translucent gate.
 25867 | Orc:2    | Found a runed translucent gate.
 25876 | Orc:2    | Found a runed translucent gate.
 26011 | Orc:2    | Reached skill level 10 in Armour
 26052 | Orc:2    | Found Suabirr's Weapon Emporium.
 26052 | Orc:2    | Found Heuhokann's Distillery.
 26053 | Orc:2    | Found Waemew's Armour Emporium.
 26053 | Orc:2    | Found Moqib's Antique Weapon Shoppe.
 26065 | Orc:2    | Bought a steaming mace for 272 gold pieces
 26065 | Orc:2    | Identified the +9 mace "Kirr" {freeze, rElec rF+} (You
                  | bought it in a shop on level 2 of the Orcish Mines)
 26400 | Orc:2    | Killed ratmagoo's ghost
 26966 | Spider:1 | Entered Level 1 of the Spider Nest
 26979 | Lair:3   | Reached skill level 16 in Fighting
 27515 | Spider:1 | Reached *** piety under Ashenzari
 27800 | Spider:2 | Reached skill level 1 in Maces & Flails
 28924 | Spider:3 | Noticed an emperor scorpion
 28925 | Spider:3 | Reached XP level 17. HP: 138/141 MP: 0/0
 28925 | Spider:3 | Learned a level 6 spell: Iron Shot
 29632 | Spider:4 | Entered Level 4 of the Spider Nest
 30430 | Spider:4 | Reached skill level 17 in Fighting
 30492 | Spider:4 | Reached skill level 5 in Maces & Flails
 30853 | Spider:4 | Got a gossamer rune of Zot
 31628 | Swamp:1  | Entered Level 1 of the Swamp
 31785 | Swamp:1  | Reached XP level 18. HP: 148/153 MP: 0/0
 32091 | Swamp:1  | Found a runed translucent gate.
 32091 | Swamp:1  | Found a runed translucent gate.
 32091 | Swamp:1  | Found a runed translucent gate.
 32102 | Swamp:1  | Noticed TheSexyCheese's ghost (journeyman MiFi)
 32102 | Swamp:1  | Noticed experimilk's ghost (journeyman PaFi)
 32103 | Swamp:1  | Noticed Icepheonix32's ghost (journeyman DgFi)
 33618 | Swamp:4  | Entered Level 4 of the Swamp
 33624 | Swamp:4  | Identified the +3 plate armour of Negligence {Harm Str+2}
 33962 | Swamp:4  | Noticed a tentacled monstrosity
 33968 | Swamp:4  | Killed a tentacled monstrosity
 34063 | Swamp:4  | Reached skill level 18 in Fighting
 34576 | Swamp:4  | Found a blossoming altar of Fedhas.
 34654 | Swamp:4  | Found a basalt altar of Yredelemnul.
 34739 | Swamp:4  | Got a decaying rune of Zot
 34961 | D:11     | Bought a staff of earth for 375 gold pieces
 35075 | D:13     | Reached XP level 19. HP: 137/160 MP: 0/0
 35075 | D:13     | Learned a level 7 spell: Orb of Destruction
 35104 | D:13     | Found Sateklerr's Antique Weapon Shop.
 36409 | D:14     | Noticed Josephine
 36416 | D:14     | Killed Josephine
 36735 | D:14     | Found a gate to the Vaults.
 37160 | D:15     | Entered Level 15 of the Dungeon
 37188 | D:15     | Reached skill level 1 in Shields
 37189 | D:15     | Found a staircase to the Depths.
 37591 | D:15     | Identified the +6 flail "Liunas" {freeze, rF+}
 37625 | D:15     | Found Woto's Antique Weapon Shop.
 38288 | Elf:1    | Entered Level 1 of the Elven Halls
 38775 | Elf:1    | Reached skill level 5 in Shields
 38906 | Elf:1    | Found a runed translucent door.
 39521 | Elf:1    | Reached XP level 20. HP: 161/167 MP: 0/0
 39654 | Elf:2    | Paralysed by an air elemental for 1 turns
 39659 | Elf:2    | Paralysed by an air elemental for 1 turns
 39771 | Elf:2    | Noticed Nikola
 39780 | Elf:2    | Killed Nikola
 39879 | Elf:2    | Reached skill level 19 in Fighting
 40153 | Elf:2    | Found Retop's Armour Shop.
 40489 | Elf:2    | Found a runed translucent gate.
 40489 | Elf:2    | Found a runed translucent gate.
 40489 | Elf:2    | Found a runed translucent gate.
 40602 | Elf:2    | Reached skill level 5 in Evocations
 41117 | Elf:3    | Entered Level 3 of the Elven Halls
 41180 | Elf:3    | Found Kumu's Weapon Shoppe.
 41258 | Elf:3    | Identified the +5 shortbow of Supnoj {venom, rCorr Stlth+}
 41459 | Elf:3    | Noticed a Tzitzimitl
 41460 | Elf:3    | Identified the +8 halberd of Qoguerom {protect, Dex+5 SInv}
 41470 | Elf:3    | Identified the +3 great sword of Amortisation {flame, Will+
                  | Dex+4}
 41470 | Elf:3    | Identified the ring of Tuwnago {Fire rN++ Str+4 SInv}
 41478 | Elf:3    | Shot with an arrow by a deep elf master archer

Illustrated notes

Levels and vault maps discovered:
D:1:      erik_arrival_cave_to_civilisation [erik_arrival_cave_to_hall],
          layout_loops_ring, chequers_ecumenical_altar_simple_redux
D:2:      layout_loops_corners
D:3:      layout_loops_cross, serial_shops, shop, nicolae_wormholes
D:4:      layout_basic, chequers_temple_overflow_minitemple, serial_shops, shop
D:5:      layout_rooms, lemuel_doored_altar
D:6:      layout_loops_ring, minmay_shop_grid_forest, kennysheep_cross_room,
          minmay_misc_feat_enclosed, hex_large, grunt_ministairs_4,
          nicolae_take_the_stairs, nrook_uturn, chequers_arboretum
D:7:      wad_crossroads, layout_basic, mainiacjoe_overflow_catch_the_wave,
          minitemple, minmay_temple_entry_enclosed_plants,
          gammafunk_ghost_smash, kennysheep_nub, minmay_misc_feat_square,
          minmay_ruined_shrine
D:8:      layout_gridville, kennysheep_slug_shrine
D:9:      layout_cave_pods, columned_hall_lemuel, centaur_isle, uniq_grum
D:10:     layout_long_grid, gammafunk_ghost_spectres, grunt_ministairs_15,
          minmay_misc_feat_tiny
D:11:     layout_irregular_city, lair_entry_dummy, minivault_16,
          guppyfry_shop_earth, uniq_erica, uniq_psyche, uniq_erolcha
D:12:     layout_rooms, erik_orc_3, serial_shops, nicolae_shop_trees,
          portal_ice_cave_rime, nicolae_hexahallways, uniq_maurice
D:13:     minmay_polygon_palace, layout_layer_cave, serial_shops,
          nicolae_square_shop
D:14:     layout_basic, ximxim_vaults_locker_room, skrybe_limestone_x,
          uniq_josephine
D:15:     grunt_enter_depths_hoard, layout_irregular_city, serial_park_square3
          [serial_park_minivault_5x5_5], serial_shops, nicolae_shop_hallway_plus
Temple:   hellmonk_temple_forest_ring
Lair:1:   layout_roguey, chequers_serial_rivers_micro_c
Lair:2:   nzn_winding_woodlands_large [nzn_winding_woodlands_hourglass,
          nzn_winding_woodlands_5x15_concentric,
          nzn_winding_woodlands_5x5_cross,
          nzn_winding_woodlands_center_triple_pond,
          nzn_winding_woodlands_15x15_killbox,
          nzn_winding_woodlands_center_pierced_h,
          nzn_winding_woodlands_5x5_perimeter,
          nzn_winding_woodlands_5x15_river_crossing,
          nzn_winding_woodlands_5x5_default], layout_gridlike,
          palyth_hydra_swamp_entry, serial_bayou_pond_b, uniq_harold
Lair:3:   layout_hall_layers, spider_nest_entry_funnel_web, serial_bayou_pond_e
Lair:4:   layout_regular_city, eino_house_with_fridge
Lair:5:   hangedman_lair_caniforms_friends, layout_regular_city, slime_entry_1,
          basic_altar, serial_bayou_shore_a, infiniplex_staircase_pool,
          lemuel_fruit_fields, uniq_nessos
Swamp:1:  layout_basic_swamp, gammafunk_ghost_cemetery, serial_swamp_ruin,
          evilmike_swamp_ruin_house_6, evilmike_swamp_ruin_rubble_1
Swamp:2:  layout_falls_marsh, nicolae_swamp_trees_clearing,
          infiniplex_staircase_pool_2
Swamp:3:  layout_basic_swamp, nicolae_swamp_little_tower, swamp_pool1
Swamp:4:  byrel_swamp_growth_death_and_undeath, layout_basic_swamp
Spider:1: layout_spider_delve
Spider:2: layout_spider_delve, nicolae_spider_checkerboard,
          hangedman_spider_tarantella_strand
Spider:3: layout_spider_delve, nicolae_spider_cling_halls
Spider:4: guppyfry_spider_rune, nicolae_looking_at_the_future
Orc:1:    layout_caves, uniq_sonja
Orc:2:    st_orc_pillars, layout_diamond_mine, maelrawn_ghost_gauntlet_escape,
          elves_outpost_lemuel
Elf:1:    minmay_elf_arrival_summoners, layout_onion_city,
          kennysheep_underground_church, minivault_13
Elf:2:    nicolae_elf_blades_splatter_lattice
          [nicolae_blade_entry_hurt_lockers], layout_loops_corners,
          serial_shops, nicolae_shop_behind_doors, uniq_nikola
Elf:3:    minmay_elf_hall_curves, layout_gridlike, serial_shops,
          nicolae_shop_hallway_stairs, nicolae_trove_entry_path_of_doom,
          drop_trap, nicolae_specific_store, minivault_23,
          small_chamber_with_monster, minivault_5

Skill      XL: |  1  2  3  4  5  6  7  8  9 10 11 12 13 14 15 16 17 18 19 20 |
---------------+-------------------------------------------------------------+-----
Stealth        | 2 |  2.0
Fighting       | 2 3 4 5 7 8 10 12 13 14 15 16 17 18 19 | 19.3
Armour         | 2 3 4 5 7 8 9 10 11 | 11.6
Spellcasting   | 4 5 6 7 9 10 12 13 15 16 17 | 17.9
Evocations     | 3 4 6 |  6.0
Dodging        | 4 5 7 |  7.2
Maces & Flails | 2 5 7 9 |  9.9
Shields        | 5 8 |  8.6

Action                   |  1- 3 |  4- 6 |  7- 9 | 10-12 | 13-15 | 16-18 | 19-21 || total
-------------------------+-------+-------+-------+-------+-------+-------+-------++-------
Melee: Dagger            |    22 |    10 |    25 |     3 |     8 |       |       ||    68
       Mace              |       |       |       |       |       |     8 |       ||     8
Throw: Dart              |     7 |    11 |       |       |       |       |     4 ||    22
 Cast: Magic Dart        |    35 |    15 |   106 |   144 |   262 |   205 |    21 ||   788
       Searing Ray       |     6 |     8 |    41 |    77 |   153 |    76 |       ||   361
       Iskenderun's Myst |       |       |    12 |    69 |   170 |   211 |   106 ||   568
       Fulminant Prism   |       |       |    15 |    64 |   114 |   217 |    59 ||   469
       Slow              |       |       |     2 |       |       |       |       ||     2
       Summon Forest     |       |       |       |     8 |    27 |    19 |     6 ||    60
       Agony             |       |       |       |       |     4 |     1 |       ||     5
       Eringya's Noxious |       |       |       |       |    17 |    20 |     2 ||    39
       Dazzling Flash    |       |       |       |       |     2 |     1 |       ||     3
       Iron Shot         |       |       |       |       |       |    93 |   152 ||   245
Invok: Curse Item        |       |       |       |     2 |     1 |     2 |       ||     5
       Shatter the Chain |       |       |       |       |       |       |     1 ||     1
Evoke: Wand              |       |       |       |     2 |    11 |     2 |       ||    15
  Use: Scroll            |       |       |       |     5 |     4 |       |     7 ||    16
       Potion            |       |       |       |       |     2 |     1 |       ||     3
 Stab: Sleeping          |     5 |     1 |     4 |       |       |       |       ||    10
Armor: Robe              |     2 |     2 |     3 |       |       |       |       ||     7
       Ring mail         |       |       |    12 |       |       |       |       ||    12
       Steam dragon scal |       |       |    12 |     8 |       |       |       ||    20
       Troll leather arm |       |       |       |    35 |    99 |    73 |    11 ||   218
Dodge: Dodged            |     4 |    10 |    45 |    63 |   140 |   118 |    21 ||   401
Block: Other             |       |     5 |    24 |    25 |    49 |    37 |     2 ||   142
       Reflection        |       |       |     2 |     6 |     3 |     3 |    35 ||    49
       Kite shield       |       |       |       |       |       |       |    64 ||    64
